 Dungeon Crawl Stone Soup version 0.23.2-11-gf996548c65 (webtiles) character file.

Game seed: 5678650344298968926

5207 Kobolds4U the Carver (level 10, -4/90 (91) HPs)
             Began as a Minotaur Berserker on June 3, 2019.
             Was an Elder of Trog.
             Killed by divine providence
             ... invoked by an orc priest
              (12 damage)
             ... on level 8 of the Dungeon.
             The game lasted 00:20:25 (8068 turns).

Kobolds4U the Carver (Minotaur Berserker)           Turns: 8068, Time: 00:20:26

HP:   -4/90 (91)    AC: 18    Str: 22    XL:     10   Next: 35%
MP:   12/12         EV:  9    Int:  4    God:    Trog [****..]
Gold: 253           SH:  0    Dex: 13    Spells: 9/9 levels left

rFire    . . .     SeeInvis +   a - +2 falchion (slice)
rCold    + . .     Gourm    .   (no shield)
rNeg     . . .     Faith    .   C - +4 chain mail
rPois    .         Spirit   .   (helmet restricted)
rElec    .         Reflect  .   (no cloak)
rCorr    .         Harm     .   (no gloves)
MR       ++...                  m - +3 pair of boots of the Blind Marksman {+Blink rC+}
Stlth    ..........             l - amulet of magic regeneration
HPRegen  1.25/turn              j - ring of see invisible
MPRegen  0.38/turn              (no ring)

@: regenerating
A: retaliatory headbutt, horns 2
a: Berserk, Trog's Hand, Brothers in Arms, Renounce Religion, Evoke Blink


You were on level 8 of the Dungeon.
You worshipped Trog.
Trog was greatly pleased with you.
You were not hungry.

You visited 2 branches of the dungeon, and saw 10 of its levels.
You also visited: Sewer.

You collected 451 gold pieces.
You spent 198 gold pieces at shops.

Inventory:

Hand Weapons
 a - a +2 falchion of slicing (weapon)
 u - a +0 shortbow
 z - a +0 hand crossbow of flaming
Missiles
 i - 6 javelins (quivered)
 o - 87 bolts
 v - 130 arrows
 y - 4 javelins of returning
 A - 4 tomahawks
Armour
 k - a +1 plate armour
 m - the +3 pair of boots of the Blind Marksman (worn) {+Blink rC+}
   (You found it on level 6 of the Dungeon)

   It protects you from cold.
   It lets you blink.
 C - a +4 chain mail (worn)
Jewellery
 j - a ring of see invisible (left hand)
 l - an amulet of magic regeneration (around neck)
Scrolls
 e - a scroll of magic mapping
 f - a scroll of identify
 g - 4 scrolls of remove curse
 p - 2 scrolls of immolation
 w - 2 scrolls of fear
Potions
 b - a potion of mutation {unknown}
 d - 3 potions of curing
 h - a potion of magic {unknown}
 n - 3 potions of haste
 q - a potion of invisibility {unknown}
 r - a potion of heal wounds
 s - 2 potions of lignification {unknown}
 t - 2 potions of cancellation {unknown}
 B - a potion of might {unknown}
Comestibles
 c - 19 rations
 x - 8 chunks of flesh


   Skills:
 + Level 9.4 Fighting
 + Level 13.3 Long Blades
 + Level 6.7 Armour
 - Level 2.1 Dodging
 - Level 5.0 Evocations


You had 9 spell levels left.
You didn't know any spells.
Your spell library was empty.

Dungeon Overview and Level Annotations

Branches:
Dungeon (9/15)             Temple (1/1) D:6            Lair (0/6) D:9
    Orc: D:9-12

Altars:
Ashenzari
Cheibriados
Elyvilon
Fedhas
Gozag
Hepliaklqana
Makhleb
Nemelex Xobeh
Okawaru
Qazlal
Ru
Sif Muna
Trog
Uskayaw
Vehumet
Wu Jian
Xom
Yredelemnul
Zin
The Shining One

Shops:
D:6 (


Innate Abilities, Weirdness & Mutations

You reflexively headbutt those who attack you in melee.
You have a pair of horns on your head.


Message History

* * * LOW HITPOINT WARNING * * *
The two-headed ogre hits you but does no damage. x2
You climb upwards.
There is a stone staircase leading down here.
The warg bites you but does no damage.
The orc priest mumbles some strange prayers to Beogh against you.
Beogh smites you!
* * * LOW HITPOINT WARNING * * *
The warg bites you but does no damage.
Things that are here:
a +0 club; an orc skeleton Your skin crawls.
You feel resistant to hostile enchantments.
You feel somewhat more hungry. The warg bites you.
* * * LOW HITPOINT WARNING * * *
The warg bites you but does no damage.
Okay, then.
The orc priest mumbles some strange prayers to Beogh against you.
Beogh smites you!
You die...

#.# ################.#
...............#.#
########..####.#.# #..#
#.#.# #####..# #.#.#
#......####.#.#
#.###.......#.#
#.#.........#@#
###.+.........#.#
##<#.#.........#h#
##.#......####.#O#
...............)o#########
.....####.####..[........#
##...# #.#..)..########.#
##...####.#.....# #.#
##...#..........# #.#


You could see a two-headed ogre, a warg and an orc priest.

Vanquished Creatures
  A two-headed ogre (D:8)
  A troll (D:8)
  2 hippogriffs
  Grinder (D:3)
  A hungry ghost (D:8)
  A warg (D:9)
  2 ice beasts
  A water moccasin (D:7)
  Purgy (Sewer)
  3 orc warriors
  A sky beast (D:8)
  4 ogres
  A necrophage (D:6)
  2 phantoms
  3 centaurs
  3 bullfrogs (D:6)
  A wyvern skeleton (D:6)
  7 scorpions
  3 wights
  A howler monkey (D:5)
  A crimson imp (D:8)
  A hound (D:6)
  3 centaur skeletons
  8 orc priests
  5 orc wizards
  Jessica (D:3)
  2 iguanas (D:5)
  Terence (D:3)
  10 worker ants
  Natasha (thrice) (D:3)
  3 gnolls (D:3)
  A worker ant zombie (D:5)
  6 adders
  3 shadow imps
  An ooze (D:5)
  2 adder skeletons
  A worm (D:4)
  4 dart slugs
  7 leopard geckos
  25 orcs
  6 ball pythons
  8 giant cockroaches
  8 goblins
  9 hobgoblins
  17 jackals
  5 kobolds
  4 quokkas
  A ball python skeleton (D:6)
  4 bats
  13 frilled lizards
  A giant cockroach zombie (D:2)
  A jackal zombie (D:5)
  9 rats
214 creatures vanquished.

Notes
Turn   | Place    | Note
-------+----------+-------------------------------------------
     0 | D:1      | Kobolds4U the Minotaur Berserker began the quest for the
                  | Orb.
     0 | D:1      | Reached XP level 1. HP: 19/19 MP: 0/0
    33 | D:1      | Reached skill level 4 in Long Blades
    37 | D:1      | Reached XP level 2. HP: 20/26 MP: 1/1
   565 | D:2      | Reached ** piety under Trog
   565 | D:2      | Reached skill level 5 in Long Blades
   651 | D:2      | Reached XP level 3. HP: 31/31 MP: 2/2
  1342 | D:2      | Found a hazy altar of Hepliaklqana.
  1560 | D:3      | Reached XP level 4. HP: 39/39 MP: 3/3
  1586 | D:3      | Noticed a hippogriff
  1600 | D:3      | Killed a hippogriff
  1600 | D:3      | Reached skill level 6 in Long Blades
  1600 | D:3      | Reached skill level 5 in Armour
  1600 | D:3      | Reached XP level 5. HP: 26/45 MP: 4/4
  1600 | D:3      | Reached XP level 6. HP: 29/51 MP: 5/5
  1865 | D:3      | Noticed Jessica
  1872 | D:3      | Noticed Terence
  1872 | D:3      | Killed Jessica
  1872 | D:3      | Reached skill level 7 in Long Blades
  1874 | D:3      | Killed Terence
  1915 | D:3      | Noticed Natasha
  1923 | D:3      | Killed Natasha
  1928 | D:3      | Noticed Natasha
  1936 | D:3      | Killed Natasha
  1948 | D:3      | Noticed Natasha
  1955 | D:3      | Killed Natasha
  1955 | D:3      | Reached *** piety under Trog
  1972 | D:3      | Noticed Grinder
  2023 | D:3      | Killed Grinder
  2023 | D:3      | Reached skill level 8 in Long Blades
  2023 | D:3      | Reached XP level 7. HP: 36/60 MP: 6/6
  2174 | D:3      | Reached skill level 5 in Fighting
  2520 | D:4      | Reached skill level 9 in Long Blades
  2925 | D:4      | Reached XP level 8. HP: 63/70 MP: 7/7
  3196 | D:5      | Entered Level 5 of the Dungeon
  3265 | D:5      | Noticed a -3 hand axe
  3266 | D:5      | Found a hide-covered altar of Uskayaw.
  3267 | D:5      | Noticed a +0 dagger
  3287 | D:5      | Found a glowing drain.
  3297 | D:5      | Reached skill level 10 in Long Blades
  3309 | Sewer    | Entered a sewer
  3320 | Sewer    | Reached **** piety under Trog
  3362 | Sewer    | Noticed Purgy
  3374 | Sewer    | Killed Purgy
  4225 | D:6      | Found Pups's Weapon Emporium.
  4256 | D:6      | Reached skill level 11 in Long Blades
  4456 | D:6      | Found a staircase to the Ecumenical Temple.
  4528 | Temple   | Entered the Ecumenical Temple
  4814 | D:6      | Got a pair of slimy boots
  4825 | D:6      | Identified the +3 pair of boots of the Blind Marksman
                  | {+Blink rC+} (You found it on level 6 of the Dungeon)
  4862 | D:6      | Found an ornate altar of the Wu Jian Council.
  4863 | D:6      | Found an opulent altar of Gozag.
  4918 | D:6      | Received a gift from Trog
  4918 | D:6      | Reached skill level 1 in Evocations
  4918 | D:6      | Reached XP level 9. HP: 66/80 MP: 8/8
  5301 | D:6      | Bought a +2 falchion of slicing for 198 gold pieces
  5540 | D:7      | Reached skill level 12 in Long Blades
  5792 | D:7      | Found a burning altar of Makhleb.
  6573 | D:8      | Noticed a troll
  6587 | D:8      | Killed a troll
  6971 | D:8      | Reached XP level 10. HP: 61/89 MP: 12/12
  7093 | D:8      | Noticed a two-headed ogre
  7105 | D:8      | Killed a two-headed ogre
  7105 | D:8      | Reached skill level 13 in Long Blades
  7105 | D:8      | Reached skill level 5 in Evocations
  7892 | D:9      | Found a staircase to the Lair.
  7892 | D:9      | Noticed a two-headed ogre
  8068 | D:8      | Killed from afar by an orc priest

Skill      XL: |  1  2  3  4  5  6  7  8  9 10 |
---------------+-------------------------------+-----
Long Blades    | 4 5 6 8 9 11 12 13 | 13.3
Armour         | 3 5 6 |  6.7
Fighting       | 4 6 7 8 9 |  9.4
Evocations     | 1 4 5 |  5.0
Dodging        | |  2.1

Action                   |  1- 3 |  4- 6 |  7- 9 | 10-12 || total
-------------------------+-------+-------+-------+-------++-------
Melee: Falchion          |   105 |    72 |   409 |    91 ||   677
       Headbutt          |    16 |    24 |   105 |    28 ||   173
Throw: Javelin           |       |       |     2 |       ||     2
Invok: Trog's Hand       |       |     2 |     3 |     3 ||     8
       Berserk           |       |     2 |     1 |     1 ||     4
 Abil: Evoke Blink       |       |       |     1 |       ||     1
  Use: Scroll            |       |     4 |    11 |       ||    15
  Eat: Chunk             |     2 |     4 |    16 |     7 ||    29
       Ration            |       |       |     1 |       ||     1
Armor: Animal skin       |     2 |       |       |       ||     2
       Leather armour    |    13 |       |       |       ||    13
       Plate armour      |    42 |    43 |   228 |    40 ||   353
       Chain mail        |       |       |       |    13 ||    13
Dodge: Dodged            |    43 |    27 |   144 |    28 ||   242
       Rpst.: Falchion   |    13 |     4 |    41 |     5 ||    63
